AoeStats
← DJax

Arabia

510455139Analyzed
1v1 RM · 22h ago on Oct 1, 2026· 48m 38s· 2 players
Game mode
Random Map
Map size
Tiny (2 player)
Population
200
Speed
Normal
Resources
Standard
Victory
Conquest
Starting age
Dark Age
Ending age
Imperial Age
RankedLock teamsTeams togetherTeam positionsShared explorationLock speedFull tech treeHidden civsTurbo modeCheats
Victory
Defeat
🇨🇴 Chinese · Colombia
1028
+17
🇺🇸 Celts · United States
1045
-17
imperiusrv
0:27 Loom
12:30 Feudal Age
16:44 Castle Age
15:11 Fletching
15:55 Stone Mining
16:23 Town Watch
16:46 Padded Archer Armor
17:59 Double-Bit Axe
25:03 Bodkin Arrow
27:01 Horse Collar
28:51 Heavy Plow
29:54 Bow Saw
31:23 Wheelbarrow
35:11 Imperial Age
33:03 Hand Cart
33:26 Leather Archer Armor
34:16 Town Patrol
34:40 Elite Skirmisher
37:05 Conscription
38:21 Bracer
39:19 Ballistics
39:59 Ring Archer Armor
40:02 Masonry
39:39 Crossbowman
40:24 Thumb Ring
40:47 Arbalester
42:00 Scale Barding Armor
42:07 Forging
43:02 Chemistry
42:32 Architecture
42:08 Gold Mining
42:34 Scale Mail Armor
43:21 Husbandry
43:31 Bloodlines
42:45 Light Cavalry
43:49 Cavalier
45:55 Chain Barding Armor
46:11 Iron Casting
47:29 Plate Barding Armor
DJax
7:05 Loom
11:43 Feudal Age
14:09 Double-Bit Axe
19:36 Castle Age
17:54 Fletching
18:04 Gold Mining
17:57 Horse Collar
20:19 Bodkin Arrow
19:46 Crossbowman
27:03 Gold Shaft Mining
28:46 Ballistics
29:00 Heavy Plow
29:14 Stone Mining
31:01 Padded Archer Armor
31:04 Scale Mail Armor
37:10 Imperial Age
34:31 Town Watch
37:42 Wheelbarrow
37:08 Town Patrol
40:24 Chemistry
40:28 Furor Celtica
40:40 Conscription
41:09 Chain Mail Armor
41:05 Forging
41:12 Elite Woad Raider
42:46 Leather Archer Armor
43:04 Plate Mail Armor
43:45 Gambesons
43:21 Man-at-Arms
45:42 Iron Casting
45:22 Leather Archer Armor
45:59 Arrowslits
46:54 Scale Barding Armor
47:50 Blast Furnace
46:20 Long Swordsman
47:38 Two-Handed Swordsman
Connection lost

Rejoining the realm…

Still unreachable

The connection could not be restored.

Session expired

The server has moved on; the page needs a fresh start.